 Dungeon Crawl Stone Soup version 0.30-a0-748-ge6a52f7cba (webtiles) character file.

Game seed: 1763490934546915107

113 boo the Insei (level 4, 0/37 HPs)
             Began as a Demonspawn Monk on Feb 9, 2023.
             Slain by Ijyb
             ... wielding a +5 club
              (10 damage)
             ... on level 3 of the Dungeon.
             The game lasted 00:03:04 (2080 turns).

boo the Insei (Demonspawn Monk)                     Turns: 2080, Time: 00:03:05

Health: 0/37       AC:  7    Str: 13    XL:     4   Next: 65%
Magic:  4/4        EV: 20    Int: 12    God:
Gold:   155        SH:  0    Dex: 15    Spells: 3/3 levels left

rFire   . . .      SeeInvis .      - Unarmed
rCold   . . .      Faith    .    (no shield)
rNeg    . . .      Spirit   .    b - +0 scale mail
rPois   .          Reflect  .    (no helmet)
rElec   .          Harm     .    f - +0 cloak
rCorr   .          Rampage  .    (no gloves)
Will    .....                    (no boots)
Stlth   +                        (no amulet)
HPRegen 0.26/turn                j - +5 ring of evasion
MPRegen 0.09/turn                (no ring)

@: agile
A: powered by pain 2
a: no special abilities


You were on level 3 of the Dungeon.
You visited 1 branch of the dungeon, and saw 3 of its levels.

You collected 155 gold pieces.

Inventory:

Missiles
 c - 2 throwing nets (quivered)
Armour
 b - a +0 scale mail (worn)
 f - a +0 cloak (worn)
Jewellery
 a - a +6 ring of intelligence
 j - a +5 ring of evasion (left hand)
Scrolls
 h - a scroll of enchant armour {unknown}
 i - a scroll of vulnerability {unknown}
 k - a scroll of poison {unknown}
 o - a scroll of blinking {unknown}
 q - 2 scrolls of identify {unknown}
 r - a scroll of teleportation {unknown}
Potions
 d - a potion of berserk rage {unknown}
 e - 3 potions of degeneration {unknown}
 g - 2 potions of attraction {unknown}
 l - a potion of cancellation {unknown}
 m - 3 potions of flight {unknown}
 n - a potion of haste {unknown}
 p - a potion of lignification {unknown}
 s - a potion of brilliance {unknown}


   Skills:
 + Level 3.7 Fighting
 + Level 3.3 Dodging
 - Level 1.7 Stealth
 * Level 4.0 Unarmed Combat


You had 3 spell levels left.
You didn't know any spells.
Your spell library contained the following spells:

 Spells                   Type           Power      Damage    Failure   Level
 Kiss of Death            Conj/Necr      0%         2d5       86%         1
 Dazzling Flash           Conj/Hex       0%         N/A       99%         3
 Tukima's Dance           Hex            0%         N/A       99%         3
 Animate Dead             Necr           0%         N/A       100%        4
 Haunt                    Necr/Summ      0%         N/A       100%        7


Dungeon Overview and Level Annotations

Branches:
Dungeon (3/15)

Altars:

Annotations:
D:3 Ijyb


Innate Abilities, Weirdness & Mutations

You sometimes gain power by taking damage.


Message History

Ijyb hits you with a +5 club.
You hit Ijyb.
Ijyb is lightly wounded.
Ijyb completely misses you.
You hit Ijyb. You punch Ijyb, but do no damage.
Ijyb is moderately wounded.
Ijyb zaps a wand.
You resist with some effort.
You closely miss Ijyb.
Ijyb is moderately wounded.
Ijyb hits you but does no damage.
You hit Ijyb but do no damage.
Ijyb is moderately wounded.
Ijyb barely misses you.
You miss Ijyb.
Ijyb is moderately wounded.
Ijyb screams, "Me very upset!"
Ijyb hits you with a +5 club.
You hit Ijyb.
Ijyb is heavily wounded.
Ijyb zaps a wand.
You resist with some effort.
The now-empty wand crumbles to dust.
You hit Ijyb but do no damage.
Ijyb is heavily wounded.
You barely miss Ijyb.
Ijyb is heavily wounded.
Ijyb hits you with a +5 club!
* * * LOW HITPOINT WARNING * * *
You hit Ijyb but do no damage.
Ijyb is heavily wounded.
Ijyb closely misses you.
You closely miss Ijyb.
Ijyb is heavily wounded.
Ijyb barely misses you.
You hit Ijyb but do no damage. You punch Ijyb, but do no damage.
Ijyb is heavily wounded.
Ijyb barely misses you.
You hit Ijyb but do no damage.
Ijyb is heavily wounded.
Ijyb hits you with a +5 club!
You die...

..#.# .# ### ....##.##
#.. ......... #.#
#....#.# # #.#
)....#.##.# #.#
##........# #.#
...รท>..#### ##.########
...#.######.##...g......
.###.#...##....#@.######
.###......####....#
......<...# ####.#
####......# #.#
##.......## #.#
##.......# #.#
##.......# #.#
####....#########.####
.# #.......(.........#


You could see Ijyb.

Vanquished Creatures
  Jessica (D:2)
  Terence (D:3)
  3 adders
  A white imp (D:3)
  2 ball pythons
  3 bats
  2 endoplasms (D:2)
  2 giant cockroaches
  4 goblins
  4 hobgoblins
  4 kobolds
  A quokka (D:1)
  2 frilled lizards (D:2)
  A rat (D:2)
31 creatures vanquished.

Notes
Turn   | Place    | Note
-------+----------+-------------------------------------------
     0 | D:1      | boo the Demonspawn Monk began the quest for the Orb.
     0 | D:1      | Reached XP level 1. HP: 18/18 MP: 1/1
   638 | D:1      | Reached skill level 3 in Unarmed Combat
   638 | D:1      | Gained mutation: You sometimes gain a little power by
                  | taking damage. [demonic ancestry]
   638 | D:1      | Reached XP level 2. HP: 24/24 MP: 2/2
   983 | D:2      | Noticed Jessica
   989 | D:2      | Killed Jessica
   990 | D:2      | Gained mutation: You sometimes gain power by taking damage.
                  | [demonic ancestry]
   990 | D:2      | Reached XP level 3. HP: 13/29 MP: 3/3
  1405 | D:2      | Got the Atlas of Fey Necromantic Deeds
  1513 | D:2      | Reached XP level 4. HP: 34/35 MP: 4/4
  1543 | D:3      | Noticed Terence
  1591 | D:3      | Killed Terence
  1776 | D:3      | Reached skill level 4 in Unarmed Combat
  2050 | D:3      | Noticed Ijyb
  2080 | D:3      | Slain by Ijyb

Illustrated notes

Levels and vault maps discovered:
D:1:      onia_arrival_pentagram, layout_loops_corners
D:2:      layout_loops_cross, uniq_jessica
D:3:      layout_loops_ring, makhleb_altar_promises_db, tso_metal_star,
          uniq_ijyb, uniq_terence

Skill      XL: |  1  2  3  4 |
---------------+-------------+-----
Unarmed Combat | 3 4 |  4.0
Dodging        | 3 |  3.3
Fighting       | |  3.7
Stealth        | |  1.7

Action                     |  1- 3 |  4- 6 || total
---------------------------+-------+-------++-------
  Melee: Unarmed           |    88 |    94 ||   182
         Punch             |     2 |     9 ||    11
    Use: Potion            |       |     1 ||     1
   Stab: Sleeping          |     5 |       ||     5
 Armour: Robe              |     8 |     4 ||    12
         Scale mail        |       |    13 ||    13
  Dodge: Dodged            |    69 |    60 ||   129

Table legend: (Time is in decaauts)
 A = Elapsed time spent in this place.
 B = Non-inter-level travel time spent in this place.
 C = Inter-level travel time spent in this place.
 D = Time resting spent in this place.
 E = Time spent auto-exploring this place.
 F = Levels seen in this place.
 G = Mean time per level.
                   A        B        C        D        E       F      G
               +--------+--------+--------+--------+--------+-----+--------+
         Total |   2067 |   2016 |     51 |    217 |   1420 |   3 |  689.0 |
       Dungeon |   2067 |   2016 |     51 |    217 |   1420 |   3 |  689.0 |
               +--------+--------+--------+--------+--------+-----+--------+

Top non-repeatable levels by time:
     D:1: 882 daAuts
     D:2: 648 daAuts
     D:3: 536 daAuts
